 Dungeon Crawl Stone Soup version 0.31.0-32-g396128a36d (webtiles) character file.

Game seed: 11142545212548617195

4121 pretsel the Thaumaturge (level 10, -2/60 HPs)
             Began as a Djinni Necromancer on Apr 3, 2024.
             Was an Initiate of Ashenzari.
             Slain by a yak (14 damage)
             ... on level 8 of the Dungeon.
             The game lasted 00:23:03 (8454 turns).

pretsel the Thaumaturge (Djinni Necromancer)        Turns: 8454, Time: 00:23:03

Health: -2/60      AC:  5    Str:  7    XL:     10   Next: 51%
Gold:   489        EV: 15    Int: 25    God:    Ashenzari [......] SH:  0 Dex: 23

rFire   + + .        f - staff of conjuration
rCold   x x .        (no shield)
rNeg    + . .        A - +1 robe of Duck's Teeth {rC- rN+ Dex+4}
rPois   ∞            (no helmet)
rElec   .            r - +1 cloak
rCorr   .            (no gloves)
SInv    .            (boots unavailable)
Will    +....        E - amulet of Cioshodd {RegenMP Int+3}
Stlth   ++           G - ring of wizardry
HPRegen 0.30/turn    t - +6 ring of dexterity
MPRegen 0.00/turn

%: wizardry (x1), infuse magic (-3 HP)
@: animating dead, unable to call your familiar, flying
A: sickness immunity, fire resistance 2, cold vulnerability 1, float, innate
caster, HP casting, extra vitality 1
a: Renounce Religion, Curse Item


You were on level 8 of the Dungeon.
You worshipped Ashenzari.
Ashenzari was noncommittal.
You visited 2 branches of the dungeon, and saw 9 of its levels.

You collected 489 gold pieces.

Inventory:

Armour
 a - a +0 robe
 o - a +0 leather armour of poison resistance
 r - a +1 cloak (worn)
 A - the +1 robe of Duck's Teeth (worn) {rC- rN+ Dex+4}
   (You found it on level 7 of the Dungeon)

   Dex+4:     It affects your dexterity (+4).
   rC-:       It makes you vulnerable to cold.
   rN+:       It protects you from negative energy.
Magical Staves
 f - a staff of conjuration (weapon)
Jewellery
 g - an amulet of reflection
 l - a +6 ring of strength
 t - a +6 ring of dexterity (right hand)
 u - a +6 ring of strength
 C - a +6 ring of strength
 E - the amulet of Cioshodd (around neck) {RegenMP Int+3}
   (You found it on level 8 of the Dungeon)

   [amulet of magic regeneration]

   RegenMP:   It increases your rate of magic regeneration.
   Int+3:     It affects your intelligence (+3).
 G - a ring of wizardry (left hand)
Wands
 n - a wand of acid (4)
 p - a wand of mindburst (5)
 w - a wand of roots (2)
 y - a wand of paralysis (15)
 D - a wand of flame (11)
Scrolls
 i - 2 scrolls of brand weapon
 j - a scroll of revelation
 q - 2 scrolls of teleportation
 s - a scroll of fear
 v - a scroll of silence
 z - a scroll of fog
 F - a scroll of enchant weapon
Potions
 b - 4 potions of curing
 c - a potion of mutation {unknown}
 d - a potion of ambrosia {unknown}
 e - 2 potions of resistance
 h - 5 potions of haste
 k - a potion of enlightenment {unknown}
 m - 2 potions of heal wounds
 x - a potion of lignification {unknown}
 B - a potion of cancellation {unknown}
 H - a potion of berserk rage {unknown}


   Skills:
 + Level 3.6 Armour
 + Level 4.7 Dodging
 - Level 1.5 Stealth
 + Level 11.2 Spellcasting
 + Level 11.2 Conjurations
 + Level 11.2 Hexes
 + Level 11.2 Summonings
 + Level 11.2 Necromancy
 + Level 11.2 Translocations
 + Level 11.2 Fire Magic
 + Level 11.2 Ice Magic
 + Level 11.2 Air Magic
 + Level 11.2 Earth Magic
 + Level 11.2 Alchemy


You knew the following spells:

 Your Spells              Type           Power      Damage    Failure   Level
a - Necrotise             Necr           100%       1d9       1%          1
b - Vampiric Draining     Necr           63%        2d10      1%          3
c - Animate Dead          Necr           63%        N/A       1%          4
d - Curse of Agony        Necr           63%        N/A       1%          5
e - Slow                  Hex            100%       N/A       1%          1
f - Scorch                Fire           100%       2d9       1%          2
g - Call Imp              Summ           100%       N/A       1%          2
h - Call Canine Familiar  Summ           63%        N/A       1%          3
Your spell library was empty.

Dungeon Overview and Level Annotations

Branches:
Dungeon (8/15)             Temple (1/1) D:5            Lair (0/5) D:8

Altars:
Ashenzari
Cheibriados
Dithmenos
Elyvilon
Fedhas
Gozag
Hepliaklqana
Makhleb
Nemelex Xobeh
Okawaru
Qazlal
Ru
Trog
Uskayaw
Wu Jian
Yredelemnul
Zin
The Shining One

Shops:
D:1 ?   D:7 *

Annotations:
D:7 2 runed translucent doors


Innate Abilities, Weirdness & Mutations

You are immune to sickness and miasma.
You are immune to poison.
Your flesh is very heat resistant. (rF++)
You are vulnerable to cold. (rC-)
You float through the air rather than walking.
You learn spells naturally, not from books.
Your magical power is your life essence.
You have superior vitality. (+4 MHP)


Message History

Flames lash the yak.
The yak is burned terribly!
The yak is severely wounded.
The yak bellows!
The yak gores you.
Casting: Scorch (safe; 1% risk of failure)
Confirm with . or Enter, or press ? or * to list all spells.
Flames lash the yak.
The yak is burned terribly!
You kill the yak!
The dead are walking!
Casting: Scorch (safe; 1% risk of failure)
Confirm with . or Enter, or press ? or * to list all spells.
Your canine familiar is too injured to answer your call.
Casting: Call Canine Familiar (safe; 1% risk of failure)
Confirm with . or Enter, or press ? or * to list all spells.
Aiming: Vampiric Draining (safe; 1% risk of failure)
Press: ? - help, Shift-Dir - straight line, f - yak
Aim: a yak (severely wounded, more vulnerable to fire, ally target)
You draw life force from the yak!
You feel life coursing into your body. The yak closely misses you.
The yak gores you!
* * * LOW HITPOINT WARNING * * *
The yak misses you.
Casting: Vampiric Draining (safe; 1% risk of failure)
Confirm with . or Enter, or press ? or * to list all spells.
Flames lash the yak.
The yak is heavily wounded.
The yak's fire resistance burns away.
* * * LOW HITPOINT WARNING * * *
The yak is no longer more vulnerable to fire.
The yak misses you. The yak barely misses you. The yak misses you.
Casting: Scorch (safe; 1% risk of failure)
Confirm with . or Enter, or press ? or * to list all spells.
Aiming: Vampiric Draining (safe; 1% risk of failure)
Press: ? - help, Shift-Dir - straight line, f/p - yak
Aim: a yak (almost dead, more vulnerable to fire, ally target)
You draw life force from the yak!
You kill the yak!
You feel life coursing into your body.
* * * LOW HITPOINT WARNING * * *
The dead are walking!
The yak gores you!
You die...

...........#.....#......
.........>.#############
#.....................Z
#....................Z.
#......................
#......................
#......................
######
######'##............##
.....#
#.....@.##+####......#.
.....#
#..Z..YY......#......#.
.....#
#....Z........#......#.
.....#
#.............+......#.
)....###
###.....#######......##
)####..# #.....#
###......
.......#...#...........
#......
.......#...#..........
.....
.......#...#.........
.....


You could see 2 yaks and 2 friendly yak zombies.

Vanquished Creatures
  A troll (D:8)
  A wyvern (D:8)
  3 yaks (D:8)
  A water moccasin (D:5)
  3 black bears
  Pargi (D:3)
  3 sky beasts
  An orc warrior (D:8)
  2 ogres
  3 centaurs
  3 bullfrogs
  2 scorpions
  3 wights (D:8)
  5 killer bees
  2 howler monkeys
  A bombardier beetle (D:6)
  6 orc priests
  5 hounds
  3 iguanas
  8 orc wizards
  Natasha (twice) (D:4)
  Terence (D:3)
  Robin (D:4)
  4 adders
  2 shadow imps
  6 ufetubi
  A ribbon worm (D:3)
  31 orcs
  10 bats
  6 endoplasms
  5 giant cockroaches
  11 goblins
  8 hobgoblins
  4 jackals (D:1)
  7 quokkas
  2 ball pythons
  4 frilled lizards
  8 kobolds
  18 rats
188 creatures vanquished.

Vanquished Creatures (collateral kills)
  2 yaks (D:8)
  A centaur (D:8)
  A killer bee (D:7)
  A bombardier beetle (D:5)
  3 hounds (D:8)
  4 orcs
  4 ball pythons (D:1)
  An endoplasm (D:1)
  2 goblins
  2 frilled lizards
  4 rats (D:3)
25 creatures vanquished.

Vanquished Creatures (others)
  An ogre zombie (D:7)
  3 hound zombies (D:8)
  A ball python zombie (D:4)
  2 goblin zombies (D:4)
  13 orc zombies
  9 rat zombies (D:3)
29 creatures vanquished.

Grand Total: 242 creatures vanquished

Notes
Turn   | Place    | Note
-------+----------+-------------------------------------------
     0 | D:1      | pretsel the Djinni Necromancer began the quest for the Orb.
     0 | D:1      | pretsel set off with the following spells memorised:
                  | Necrotise, Vampiric Draining, Animate Dead, Curse of Agony.
     0 | D:1      | Reached XP level 1. HP: 15/15 MP: 0/0
   121 | D:1      | Reached XP level 2. HP: 16/21 MP: 0/0
   399 | D:1      | Reached XP level 3. HP: 24/25 MP: 0/0
   399 | D:1      | Learned a level 1 spell: Slow
   698 | D:1      | Found Enegok's Magic Scroll Shoppe.
   839 | D:2      | Reached XP level 4. HP: 29/31 MP: 0/0
   862 | D:2      | Found a faded altar of an unknown god.
  1248 | D:2      | You are sucked into a shaft and drop 2 floors!
  1791 | D:3      | Reached skill level 5 in Spellcasting
  1791 | D:3      | Reached skill level 5 in Conjurations
  1791 | D:3      | Reached skill level 5 in Hexes
  1791 | D:3      | Reached skill level 5 in Summonings
  1791 | D:3      | Reached skill level 5 in Necromancy
  1791 | D:3      | Reached skill level 5 in Translocations
  1791 | D:3      | Reached skill level 5 in Fire Magic
  1791 | D:3      | Reached skill level 5 in Ice Magic
  1791 | D:3      | Reached skill level 5 in Air Magic
  1791 | D:3      | Reached skill level 5 in Earth Magic
  1791 | D:3      | Reached skill level 5 in Alchemy
  1791 | D:3      | Reached XP level 5. HP: 9/35 MP: 0/0
  1791 | D:3      | Learned a level 2 spell: Scorch
  1995 | D:3      | Noticed Terence
  2008 | D:3      | Killed Terence
  2102 | D:3      | Reached XP level 6. HP: 10/40 MP: 0/0
  2389 | D:3      | Noticed Pargi
  2402 | D:3      | Killed Pargi
  2525 | D:4      | Noticed Robin
  2530 | D:4      | Killed Robin
  2658 | D:4      | Reached XP level 7. HP: 42/45 MP: 0/0
  2658 | D:4      | Learned a level 2 spell: Call Imp
  3156 | D:4      | Noticed Natasha
  3163 | D:4      | Killed Natasha
  3315 | D:4      | Noticed Natasha
  3319 | D:4      | Killed Natasha
  3508 | D:5      | Entered Level 5 of the Dungeon
  3664 | D:5      | Reached XP level 8. HP: 44/50 MP: 0/0
  3811 | D:5      | Found a staircase to the Ecumenical Temple.
  3826 | Temple   | Entered the Ecumenical Temple
  5472 | D:7      | Reached XP level 9. HP: 7/55 MP: 0/0
  5472 | D:7      | Learned a level 3 spell: Call Canine Familiar
  5881 | D:7      | Found Toteil Weamp's Assorted Antiques.
  5925 | D:7      | Found a runed translucent door.
  5929 | D:7      | Found a runed translucent door.
  6042 | D:7      | Identified the +1 robe of Duck's Teeth {rC- rN+ Dex+4}
  6367 | D:7      | Reached skill level 10 in Spellcasting
  6367 | D:7      | Reached skill level 10 in Conjurations
  6367 | D:7      | Reached skill level 10 in Hexes
  6367 | D:7      | Reached skill level 10 in Summonings
  6367 | D:7      | Reached skill level 10 in Necromancy
  6367 | D:7      | Reached skill level 10 in Translocations
  6367 | D:7      | Reached skill level 10 in Fire Magic
  6367 | D:7      | Reached skill level 10 in Ice Magic
  6367 | D:7      | Reached skill level 10 in Air Magic
  6367 | D:7      | Reached skill level 10 in Earth Magic
  6367 | D:7      | Reached skill level 10 in Alchemy
  6529 | Temple   | Became a worshipper of Ashenzari the Shackled
  7574 | D:8      | Identified the amulet of Cioshodd {RegenMP Int+3}
  7579 | D:8      | Identified the +0 robe "Moupsi" {rC+ Str+5}
  7771 | D:8      | Noticed a troll
  7775 | D:8      | Reached XP level 10. HP: 15/60 MP: 0/0
  7779 | D:8      | Reached skill level 1 in Armour
  8109 | D:8      | Found a staircase to the Lair.
  8454 | D:8      | Slain by a yak

Illustrated notes

Levels and vault maps discovered:
D:1:      saegor_arrival_under_anarchy, layout_basic, serial_shops, shop
D:2:      layout_basic, shapermc_ecumenical_altar_acropolis
D:3:      layout_loops_ring, minmay_rat_hole, uniq_pargi, uniq_terence
D:4:      layout_loops_ring, uniq_natasha, uniq_robin
D:5:      layout_basic, temple_green
D:6:      layout_gridville, chequers_serial_rivers_micro_e
D:7:      lemuel_insect_pit, layout_loops_corners, serial_shops, shop
D:8:      layout_gridville, erik_lair_island
Temple:   roderic_octagonal_lattice_temple

Skill      XL: |  1  2  3  4  5  6  7  8  9 10 |
---------------+-------------------------------+-----
Spellcasting   | 4 5 6 7 9 10 11 | 11.2
Conjurations   | 4 5 6 7 9 10 11 | 11.2
Hexes          | 4 5 6 7 9 10 11 | 11.2
Summonings     | 4 5 6 7 9 10 11 | 11.2
Necromancy     | 4 5 6 7 9 10 11 | 11.2
Translocations | 4 5 6 7 9 10 11 | 11.2
Fire Magic     | 4 5 6 7 9 10 11 | 11.2
Ice Magic      | 4 5 6 7 9 10 11 | 11.2
Air Magic      | 4 5 6 7 9 10 11 | 11.2
Earth Magic    | 4 5 6 7 9 10 11 | 11.2
Alchemy        | 4 5 6 7 9 10 11 | 11.2
Armour         | 3 |  3.6
Dodging        | 4 |  4.7
Stealth        | |  1.5

Action                     |  1- 3 |  4- 6 |  7- 9 | 10-12 || total
---------------------------+-------+-------+-------+-------++-------
  Melee: Staff             |       |       |     9 |       ||     9
   Cast: Necrotise         |    53 |    75 |    17 |     1 ||   146
         Vampiric Draining |       |    21 |     9 |     3 ||    33
         Scorch            |       |    15 |   151 |    36 ||   202
         Animate Dead      |       |     2 |    14 |     1 ||    17
         Slow              |       |     2 |       |       ||     2
         Call Imp          |       |       |     2 |     1 ||     3
         Call Canine Famil |       |       |     3 |     3 ||     6
    Use: Scroll            |     5 |     4 |     7 |       ||    16
         Potion            |       |       |     1 |       ||     1
 Armour: Robe              |     3 |    11 |    63 |     9 ||    86
  Dodge: Dodged            |     2 |    11 |    54 |    14 ||    81
  Block: Other             |       |     3 |     5 |       ||     8
         Reflection        |       |       |     1 |       ||     1
